 Dungeon Sprint DCSS version 0.22-a0-362-g535178c (webtiles) character file.

1283 FredericMitz the Fighter (level 8, -8/59 HPs)
             Began as a Gargoyle Berserker on Apr 19, 2018.
             Was a Priest of Trog.
             Mangled by a centaur warrior (9 damage)
             ... in the Dungeon (Sprint I: "Red Sonja").
             The game lasted 00:05:24 (610 turns).

FredericMitz the Fighter (Gargoyle Berserker)        Turns: 610, Time: 00:05:25

Health: -8/59      AC:  9    Str: 22    XL:     8   Next: 55%
Magic:  11/12      EV: 13    Int:  8    God:    Trog [***...]
Gold:   297        SH:  0    Dex: 10    Spells: 7/7 levels left

rFire    . . .     SeeInvis .   a - +0 mace
rCold    . . .     Gourm    .   (no shield)
rNeg     + . .     Faith    .   l - +0 leather armour
rPois    ∞         Spirit   .   (no helmet)
rElec    +         Reflect  .   (no cloak)
rCorr    .         Harm     .   (no gloves)
MR       .....     NoTele   +   (no boots)
Stlth    +.........             (no amulet)
HPRegen  0.19/turn              (no ring)
MPRegen  0.13/turn              (no ring)

@: berserk cooldown, hasted and slowed
A: negative energy resistance 1, electricity resistance, unbreathing,
petrification resistance, rot immunity, AC +5
a: Berserk, Trog's Hand, Renounce Religion


You were in the Dungeon.
You worshipped Trog.
Trog was most pleased with you.
You were very hungry.

You visited 1 branch You collected 297 gold pieces.

Inventory:

Hand Weapons
 a - a +0 mace (weapon)
Armour
 b - a +0 animal skin
 l - a +0 leather armour (worn)
Jewellery
 m - a cursed amulet of inaccuracy {unknown}
Wands
 j - a wand of random effects (25)
 n - a wand of iceblast (10)
Scrolls
 i - a scroll of blinking
Potions
 g - 2 potions of magic
 k - a potion of lignification {unknown}
Comestibles
 c - a ration


   Skills:
 + Level 10.8 Fighting
 + Level 10.0 Maces & Flails
 + Level 10.1 Armour
 - Level 5.0 Dodging
 + Level 6.2 Evocations


You had 7 spell levels left.
You didn't know any spells.

Dungeon Overview and Level Annotations

Branches:
Dungeon (1/1)

Altars:
Cheibriados
Dithmenos
Elyvilon
Fedhas
Gozag
Hepliaklqana
Kikubaaqudgha
Makhleb
Nemelex Xobeh
Okawaru
Qazlal
Ru
Sif Muna
Trog
Uskayaw
Vehumet
Wu Jian
Xom
Yredelemnul
Zin
The Shining One
Jiyva
Lugonu

Shops:
D ?


Innate Abilities, Weirdness & Mutations

You are resistant to torment.
Your stone body is resilient. (AC +5)
You are immune to poison.
You resist negative energy. (rN+)
You are resistant to electric shocks. (rElec)
You can survive without breathing.
You are immune to petrification.
You are immune to rotting.


Message History

* * * LOW HITPOINT WARNING * * *
The centaur warrior hits you.
* * * LOW HITPOINT WARNING * * *
You feel much better. The centaur warrior hits you!
* * * LOW HITPOINT WARNING * * *
The centaur warrior hits you.
* * * LOW HITPOINT WARNING * * *
The centaur warrior barely misses you.
You feel yourself speed up.
The centaur warrior hits you but does no damage.
The centaur warrior barely misses you.
You hit the centaur warrior.
The centaur warrior is heavily wounded.
The centaur warrior misses you.
You sock the centaur warrior!
The centaur warrior is severely wounded.
The centaur warrior hits you!
* * * LOW HITPOINT WARNING * * *
The centaur warrior hits you!
You die...

###################
#<.#..)..#..'..#__#
#..'÷.#..').#..c).+
#..#####'#####'#@_#
#..####..#...#c####
#..#__####..##.#
#..#_____##'#_.§≈§≈§
#⌠⌠#_.∩...÷..._#§§≈§
####_..__##_.#+##+##
#_____###+# #######


You could see a centaur warrior.

Vanquished Creatures
  A centaur warrior (D)
  A slime creature (D)
  Sigmund (D)
  A yak (D)
  An ogre (D)
  A jelly (D)
  Ijyb (D)
7 creatures vanquished.

Notes
Turn   | Place    | Note
-------+----------+-------------------------------------------
     0 | D        | FredericMitz the Gargoyle Berserker began the quest for the Orb.
     0 | D        | Reached XP level 1. HP: 14/14 MP: 1/1
     1 | D        | Noticed Ijyb
    16 | D        | Killed Ijyb
    16 | D        | Reached skill level 5 in Fighting
    16 | D        | Reached XP level 2. HP: 10/21 MP: 2/2
    16 | D        | Reached XP level 3. HP: 12/26 MP: 3/3
   184 | D        | Noticed an ogre
   189 | D        | Killed an ogre
   189 | D        | Reached skill level 5 in Maces & Flails
   189 | D        | Reached XP level 4. HP: 32/32 MP: 4/4
   276 | D        | Noticed Sigmund
   294 | D        | Killed Sigmund
   294 | D        | Reached ** piety under Trog
   294 | D        | Reached skill level 5 in Dodging
   294 | D        | Reached XP level 5. HP: 31/39 MP: 5/5
   294 | D        | Reached XP level 6. HP: 35/44 MP: 6/6
   440 | D        | Found an ornate altar of the Wu Jian Council.
   440 | D        | Found a deep blue altar of Sif Muna.
   442 | D        | Found a radiant altar of Vehumet.
   448 | D        | Reached skill level 1 in Evocations
   478 | D        | Found a burning altar of Makhleb.
   478 | D        | Found a viscous altar of Jiyva.
   478 | D        | Found a shimmering altar of Xom.
   478 | D        | Found a corrupted altar of Lugonu.
   478 | D        | Noticed a slime creature
   485 | D        | Killed a slime creature
   485 | D        | Reached XP level 7. HP: 51/51 MP: 6/9
   525 | D        | Found Feipiteh's Magic Scroll Emporium.
   525 | D        | Found an ancient bone altar of Kikubaaqudgha.
   525 | D        | Found a hazy altar of Hepliaklqana.
   525 | D        | Found a stormy altar of Qazlal.
   525 | D        | Found a hide-covered altar of Uskayaw.
   525 | D        | Found a blossoming altar of Fedhas.
   525 | D        | Found a bloodstained altar of Trog.
   525 | D        | Found an iron altar of Okawaru.
   525 | D        | Found a basalt altar of Yredelemnul.
   525 | D        | Found a glowing golden altar of the Shining One.
   525 | D        | Found a snail-covered altar of Cheibriados.
   525 | D        | Found a sacrificial altar of Ru.
   525 | D        | Found a glowing silver altar of Zin.
   525 | D        | Found a shadowy altar of Dithmenos.
   525 | D        | Found a white marble altar of Elyvilon.
   525 | D        | Noticed a yak
   532 | D        | Killed a yak
   532 | D        | Reached *** piety under Trog
   533 | D        | Found an opulent altar of Gozag.
   537 | D        | Found a sparkling altar of Nemelex Xobeh.
   586 | D        | Noticed a centaur warrior
   590 | D        | Noticed a centaur warrior
   599 | D        | Killed a centaur warrior
   599 | D        | Reached skill level 10 in Fighting
   599 | D        | Reached skill level 10 in Maces & Flails
   599 | D        | Reached skill level 10 in Armour
   599 | D        | Reached XP level 8. HP: 39/59 MP: 10/12
   610 | D        | HP: 1/59 [centaur warrior (8)]
   610 | D        | Mangled by a centaur warrior

Vault maps used:
D:        dungeon_sprint_1

Skill      XL: |  1  2  3  4  5  6  7 |
---------------+----------------------+-----
Fighting       | 5 6 7 9 10 | 10.8
Maces & Flails | 4 5 7 8 10 | 10.0
Dodging        | 2 3 5 |  5.0
Armour         | 4 6 8 10 | 10.1
Evocations     | 3 6 |  6.2

Action                   |  1- 3 |  4- 6 |  7- 9 || total
-------------------------+-------+-------+-------++-------
Melee: Mace              |    18 |    20 |    24 ||    62
Invok: Berserk           |       |     2 |     2 ||     4
  Use: Potion            |     1 |       |     3 ||     4
  Eat: Chunk             |       |       |     2 ||     2
Armor: Animal skin       |     6 |       |       ||     6
       Leather armour    |       |     2 |     9 ||    11
Dodge: Dodged            |     8 |    13 |    10 ||    31

Table legend:
 A = Spawn XP
 B = Non-spawn XP
 C = Spawn XP percentage of total XP
 D = Spawn monster count
 E = Non-spawn monster count
 F = Spawn count percentage of total count
 G = Total turns spent on level
                    A         B        C        D         E        F      G
               +---------+---------+-------+---------+---------+-------+---------
         Total |       0 |    1834 |   0.0 |       0 |       7 |   0.0 |   610
               +---------+---------+-------+---------+---------+-------+---------
             D |       0 |    1834 |   0.0 |       0 |       7 |   0.0 |   610
               +---------+---------+-------+---------+---------+-------+---------
